 Dungeon Crawl Stone Soup version 0.18-a0-1772-gce6d5cf (webtiles) character file.

159 Eucla the Ducker (level 5, -11/37 HPs)
             Began as a High Elf Monk on Apr 14, 2016.
             Killed by nerve-wracking pain
             ... invoked by Grinder
              (14 damage)
             ... on level 3 of the Dungeon.
             The game lasted 00:04:54 (3184 turns).

Eucla the Ducker (High Elf Monk)                    Turns: 3184, Time: 00:04:54

Health: -11/37     AC:  4    Str: 11    XL:     5   Next: 17%
Magic:  6/6        EV: 14    Int: 18    God:
Gold:   98         SH:  0    Dex: 17    Spells: 0 memorised, 4 levels left

rFire  . . .     SeeInvis .     c - +0 short sword
rCold  . . .     Gourm    .     i - +0 leather armour
rNeg   . . .     Faith    .     (no shield)
rPois  .         Spirit   .     h - +0 helmet
rElec  .         Dismiss  .     (no cloak)
rCorr  +         Reflect  .     (no gloves)
SustAt .         Harm     .     (no boots)
MR     .....                    (no amulet)
Stlth  ++........               q - ring of resist corrosion
                                n - +4 ring of intelligence

@: very slightly contaminated, not resistant to hostile enchantments, unstealthy
A: hooves 1
a: no special abilities


You were on level 3 of the Dungeon.
You were hungry.

You visited 1 branch of the dungeon, and saw 3 of its levels.

You collected 98 gold pieces.

Inventory:

Hand Weapons
 c - a +0 short sword (weapon)
Armour
 a - a +0 robe
 h - a +0 helmet (worn)
 i - a +0 leather armour (worn)
Jewellery
 n - a +4 ring of intelligence (left hand)
 q - a ring of resist corrosion (right hand)
Scrolls
 d - a scroll of blinking {unknown}
 e - 3 scrolls of identify {unknown}
 f - a scroll of fear {unknown}
 g - a scroll of remove curse {unknown}
 j - 2 scrolls of teleportation {unknown}
 m - a scroll of noise {unknown}
Comestibles
 b - 2 fruits
 o - a slice of pizza
 p - 5 chunks of flesh


   Skills:
 + Level 3.9 Fighting
 - Level 1.0 Short Blades
 + Level 2.3 Armour
 + Level 4.7 Dodging
 - Level 2.1 Stealth
 - Level 3.2 Unarmed Combat


You had 4 spell levels left.
You didn't know any spells.

Dungeon Overview and Level Annotations

Branches:
Dungeon (3/15)

Altars:

Annotations:
D:3 Grinder


Innate Abilities, Weirdness & Mutations

You have large cloven feet.


Message History

Unknown command.
You closely miss Grinder. You kick Grinder, but do no damage.
Grinder is heavily wounded.
Your extra speed is starting to run out.
Grinder gestures at you.
You suddenly lose the ability to move!
Grinder hits you.
* * * LOW HITPOINT WARNING * * *
You writhe in agony.
* * * LOW HITPOINT WARNING * * *
Grinder blinks!
You can move again.
Unknown command.
Unknown command.
Grinder says, "At least Makhleb appreciates what I'm doing."
You feel yourself slow down.
Unknown command.
Grinder gestures at you. Pain shoots through your body!
You die...

#...# #...#
###..<######### ##
#...).........# ##.
...#.....#####.#
..#########......#.# #
#......# #...#.#..### ..
#......# ##.......##.
....######)..@..#
#.#.#.#.#(.
........###..#.##
##.........
###.###.##.######.#)#...##
#....5...†.......÷...##..#
#.####.....##!#########...
#[## ##.##..#.# #.##
#).###..###.... #.##
##.##..## ##.... ....
#....## ##... ####


You could see Grinder.

Vanquished Creatures
  An orc priest (D:3)
  4 adders (D:2)
  3 oozes
  An adder zombie (D:3)
  2 giant geckos
  3 orcs (D:3)
  3 giant cockroaches (D:2)
  12 goblins
  5 hobgoblins
  6 jackals
  A quokka (D:3)
  9 bats
  8 giant newts
  10 kobolds
  5 rats (D:2)
73 creatures vanquished.

Notes
Turn   | Place    | Note
--------------------------------------------------------------
     0 | D:1      | Eucla the High Elf Monk began the quest for the Orb.
     0 | D:1      | Reached XP level 1. HP: 16/16 MP: 2/2
    83 | D:1      | Reached XP level 2. HP: 8/21 MP: 3/3
   152 | D:1      | Reached skill level 1 in Armour
   876 | D:1      | Reached XP level 3. HP: 16/26 MP: 4/4
  1497 | D:2      | Reached skill level 1 in Short Blades
  1545 | D:2      | Reached skill level 4 in Dodging
  1715 | D:2      | Reached XP level 4. HP: 8/31 MP: 5/5
  3105 | D:3      | Noticed Grinder
  3125 | D:3      | Gained mutation: You have large cloven feet. [potion of beneficial mutation]
  3173 | D:3      | Reached XP level 5. HP: 8/37 MP: 6/6
  3175 | D:3      | Paralysed by Grinder for 2 turns
  3184 | D:3      | Killed from afar by Grinder

Vault maps used:
D:1:      dpeg_arrival_houses_and_road, hangedman_feature_mirror
D:3:      lemuel_zombie_altar_yredelemnul, hex_tiny, st_stairs_5, uniq_grinder

Skill      XL: |  1  2  3  4 |
---------------+-------------+-----
Armour         | 1 2 |  2.3
Short Blades   | 1 |  1.0
Dodging        | 4 |  4.7
Fighting       | |  3.9
Stealth        | |  2.1
Unarmed Combat | |  3.2

Action                   |  1- 3 |  4- 6 || total
-------------------------+-------+-------++-------
Melee: Short sword       |   188 |   167 ||   355
       Punch             |     1 |     1 ||     2
       Kick              |       |    10 ||    10
  Use: Potion            |       |     6 ||     6
 Stab: Distracted        |     1 |       ||     1
       Sleeping          |     4 |     5 ||     9
       Invisible         |       |     3 ||     3
  Eat: Bread ration      |     1 |       ||     1
       Chunk             |       |     3 ||     3
Armor: Robe              |     8 |       ||     8
       Leather armour    |    44 |    44 ||    88
Dodge: Dodged            |   163 |   119 ||   282
